[Event "Early-Titled-Tuesday-Blitz-April-02-2024"]
[Site "Chess.com"]
[Date "2024.04.02"]
[Round "2"]
[White "krstulov_alex"]
[Black "Shield12"]
[Result "1-0"]
[WhiteElo "2662"]
[BlackElo "3018"]
[TimeControl "180+1"]
[EndTime "8:17:11 PDT"]
[Termination "krstulov_alex won by resignation"]

1. d4 Nf6 2. Nf3 d5 3. Bf4 c5 4. e3 Nc6 5. Nbd2 Nh5 6. dxc5 Nxf4 7. exf4 Qa5 8. c4 e6 9. a3 Qxc5 10. Bd3 g6 11. O-O Bg7 12. b4 Qd6 13. Rc1 O-O 14.
g3 a5 15. b5 Qxa3 16. Nb1 Qd6 17. bxc6 bxc6 18. Re1 a4 19. Ne5 a3 20. Nc3 f6 21.
Nf3 Bd7 22. cxd5 cxd5 23. Bb5 a2 24. Bxd7 Qxd7 25. Qd2 Ra3 26. Ra1 Rc8 27. Re3 Qa7 28.
Nb5 Qxe3 29. fxe3 Rb3 30. Qxa2 Rxb5 31. Nd4 Rb6 32. Nxe6 Rxe6 33. Qxd5 Re8 34. Ra6 Kf7 35. e4 f5 36. exf5 gxf5 37. Qxf5+ Rf6 38. Rxf6+ Bxf6 39. Qxh7+ Bg7 40. Qh5+ Kf8 41. Qf3 Rd8 42. h4 Bf6 43. Kg2 Kf7 44. Kh3 Be7 45. h5 Rd6 46. g4 Ra6 47. Qd5+ Kf8 48. g5 1-0

[Event "Early-Titled-Tuesday-Blitz-April-02-2024"]
[Site "Chess.com"]
[Date "2024.04.02"]
[Round "2"]
[White "sonicdravise"]
[Black "Alexander_Donchenko"]
[Result "0-1"]
[WhiteElo "2605"]
[BlackElo "2888"]
[TimeControl "180+1"]
[EndTime "8:17:11 PDT"]
[Termination "Alexander_Donchenko won by resignation"]

1. d4 Nf6 2. c4 g6 3. Nc3 d5 4. Nf3 Bg7 5. h4 c6 6. cxd5 cxd5 7. Bf4 Nc6 8. e3 O-O 9. Qb3 Na5 10. Qa3 Bf5 11.
Ne5 Rc8 12. Be2 a6 13. Rc1 b5 14. b3 Qb6 15. Qb2 Nc6 16. O-O e6 17. Nxc6 Rxc6 18. Be5 h5 19. Nb1 Rfc8 20. Rxc6 Qxc6 21. Bf3 Qc2 22.
Qa3 Ng4 23. Bxg7 Kxg7 24. Bxg4 hxg4 25. Qd6 Qxa2 26. Qe5+ Kg8 27. h5 gxh5 28. e4 Bxe4 29. Qxh5 Bg6 30. Qxg4 Qxb3 31. Nd2 Qd3 32. Nf3 b4 33. Re1 b3 34. Ne5 Qf5 35. Qe2 Rc2 36.
Qxa6 Qxf2+ 0-1

[Event "Early-Titled-Tuesday-Blitz-April-02-2024"]
[Site "Chess.com"]
[Date "2024.04.02"]
[Round "2"]
[White "JoshWeinstein"]
[Black "Meri-Arabidze"]
[Result "0-1"]
[WhiteElo "2378"]
[BlackElo "2687"]
[TimeControl "180+1"]
[EndTime "8:17:11 PDT"]
[Termination "Meri-Arabidze won by resignation"]

1. e4 c5 2. Nc3 Nc6 3. Bc4 e6 4. d3 a6 5. a4 d6 6. f4 g6 7. Nf3 Bg7 8. O-O Nge7 9. Bb3 O-O 10. Ne2 Bd7 11. c3 b5 12. Be3 Qc7 13. Qe1 c4 14. dxc4 Na5 15. Bc2 Nxc4 16. Bc1 bxa4 17. Bxa4 Bxa4 18.
Rxa4 Nxb2 19. Bxb2 Qb6+ 20. Kh1 Qxb2 21. Rb4 Qa2 22.
Ned4 Rfb8 23. Rxb8+ Rxb8 24. Qh4 Rb1 25. Kg1 Rxf1+ 26.
Kxf1 Qc4+ 27. Kf2 Qc7 28. Qg5 h6 29. Qh4 a5 30. Ke2 a4 31. Kd3 a3 32. Qf2 Qa5 33.
Qa2 Qa6+ 34. Kd2 d5 35. e5 Bf8 36. Nc2 Nc6 37. Nfd4 Na5 38. Nb4 Qf1 39. Qxa3 Nc4+ 0-1

[Event "Early-Titled-Tuesday-Blitz-April-02-2024"]
[Site "Chess.com"]
[Date "2024.04.02"]
[Round "2"]
[White "MarkusRagger"]
[Black "Casper"]
[Result "1/2-1/2"]
[WhiteElo "2710"]
[BlackElo "2506"]
[TimeControl "180+1"]
[EndTime "8:17:12 PDT"]
[Termination "Game drawn by repetition"]

1. e4 c6 2. Nf3 d5 3. Nc3 dxe4 4. Nxe4 Bg4 5. h3 Bxf3 6. Qxf3 Nf6 7. Nxf6+ exf6 8. c3 Bd6 9. d4 O-O 10. Bd3 Re8+ 11.
Be3 Nd7 12. O-O Nf8 13. Rae1 Bc7 14. Bd2 Qd6 15. g3 Ng6 16. Bxg6 hxg6 17. Bf4 Qd7 18. Bxc7 Qxc7 19. h4 Qa5 20. a3 Kf8 21. Qd1 Qb5 22. Qd2 Rxe1 23. Rxe1 Re8 24. Rxe8+ Kxe8 25. f3 Kd7 26.
Kf2 Qf5 27. g4 Qe6 28. Qd1 Qd6 29. Kg2 Qe6 30. Qd2 f5 31. g5 Qd6 32. c4 a6 33. a4 Qe6 34. b3 f4 35. Kf2 Qf5 36.
d5 cxd5 37. cxd5 b6 38. b4 Kd6 39. a5 bxa5 40. bxa5 Qxd5 41. Qxf4+ Kc6 42. Kg2 Qxa5 43. Qxf7 Qd2+ 44. Kg3 Qd6+ 45. Kg2 Qd2+ 46. Kg3 Qd6+ 47. Kg2 Qd2+ 1/2-1/2

[Event "Early-Titled-Tuesday-Blitz-April-02-2024"]
[Site "Chess.com"]
[Date "2024.04.02"]
[Round "2"]
[White "Iball95"]
[Black "Chessexplained"]
[Result "1-0"]
[WhiteElo "2936"]
[BlackElo "2539"]
[TimeControl "180+1"]
[EndTime "8:17:12 PDT"]
[Termination "Iball95 won by resignation"]

1. e4 c5 2. Nf3 a6 3. Nc3 b5 4.
d4 cxd4 5. Nxd4 e6 6. Bd3 Bb7 7. O-O Nc6 8. Nxc6 Bxc6 9. Re1 Qb8 10. a4 b4 11. Nd5 Bd6 12. Qh5 Ne7 13. Nxe7 Bxe7 14.
e5 Qb7 15. Qg4 Kf8 16. h4 h6 17. Bd2 Rc8 18. Re3 g5 19. h5 a5 20. c3 Bd5 21.
Rae1 bxc3 22. Bxc3 Bb4 23. Bxb4+ Qxb4 24. Qxb4+ axb4 25. a5 Ke7 26. Ra1 Rc5 27. a6 Ra8 28. f3 Bc6 29. Kf2 Bb5 30. Ra5 Bxd3 31. Rxc5 Bxa6 32.
Ra5 1-0

[Event "Early-Titled-Tuesday-Blitz-April-02-2024"]
[Site "Chess.com"]
[Date "2024.04.02"]
[Round "2"]
[White "Ralf61"]
[Black "dealshark"]
[Result "1-0"]
[WhiteElo "2540"]
[BlackElo "2315"]
[TimeControl "180+1"]
[EndTime "8:17:13 PDT"]
[Termination "Ralf61 won by checkmate"]

1. d4 Nf6 2. c4 e6 3. Nc3 Bb4 4. e3 O-O 5. Bd3 c5 6. Nf3 Nc6 7. O-O Bxc3 8. bxc3 d6 9. e4 e5 10. h3 Qc7 11. Be3 b6 12. d5 Ne7 13. Nd2 Ne8 14.
Kh2 f5 15. exf5 Bxf5 16. Ne4 Nf6 17. Qc2 Nxe4 18. Bxe4 Qd7 19. a4 Ng6 20. a5 Bxe4 21. Qxe4 Nf4 22. axb6 axb6 23. Rxa8 Rxa8 24. Bxf4 exf4 25.
Qxf4 Rf8 26. Qe3 Kh8 27. Re1 Qf5 28. f3 h6 29. Qe6 Qf4+ 30. Kh1 Ra8 31. Qg4 Qd2 32.
Re7 Qxc3 33. Kh2 Qf6 34. Re6 Qd4 35. Rxd6 Ra1 36. Rd8+ Kh7 37. Qf5+ g6 38. Rd7+ Kg8 39. Qf7+ Kh8 40. Qh7# 1-0

[Event "Early-Titled-Tuesday-Blitz-April-02-2024"]
[Site "Chess.com"]
[Date "2024.04.02"]
[Round "2"]
[White "MAGMAchess02"]
[Black "Itay121"]
[Result "0-1"]
[WhiteElo "2302"]
[BlackElo "2536"]
[TimeControl "180+1"]
[EndTime "8:17:13 PDT"]
[Termination "Itay121 won on time"]

1. e4 e5 2. Bc4 Nc6 3. Nc3 Nf6 4. d3 Bc5 5. f4 d6 6. f5 Na5 7.
Qf3 Nxc4 8. dxc4 h6 9. Nge2 c6 10. Be3 Bxe3 11. Qxe3 Qb6 12. Qxb6 axb6 13. O-O-O Ke7 14.
b3 Ng4 15. Rd2 g6 16. h3 Nf6 17. g4 gxf5 18. exf5 Rg8 19. Rhd1 Rd8 20. Ng3 b5 21.
cxb5 d5 22. Kb2 d4 23. Nce4 cxb5 24. Nxf6 Kxf6 25. Ne4+ Ke7 26. b4 Bd7 27. Nc5 Bc6 28. Re1 f6 29. Nd3 Bd5 30. a3 Rdc8 31. Nf2 Rc3 32. Ra1 Rf3 33. h4 Kf7 34. Re1 Rfxa3 35. g5 Ra2+ 0-1

[Event "Early-Titled-Tuesday-Blitz-April-02-2024"]
[Site "Chess.com"]
[Date "2024.04.02"]
[Round "2"]
[White "Yeritsyaan"]
[Black "Msb2"]
[Result "1-0"]
[WhiteElo "2667"]
[BlackElo "3027"]
[TimeControl "180+1"]
[EndTime "8:17:14 PDT"]
[Termination "Yeritsyaan won by checkmate"]

1. Nf3 d5 2. d4 e6 3. Bf4 c5 4.
e3 Nc6 5. c3 Bd6 6. Nbd2 Bxf4 7.
exf4 cxd4 8. cxd4 Qb6 9. Nb3 a5 10. Rb1 Nf6 11. Be2 a4 12. Nc5 Ne4 13. Nxe4 dxe4 14.
Ng5 f5 15. d5 Qa5+ 16. Kf1 Qxd5 17. Qc2 Nd4 18. Qc3 Nxe2 19. Qxg7 Qd4 20. Qf7+ Kd8 21.
g3 Ra6 22. Kg2 Rd6 23. Rhd1 Re8 24. Rxd4 Nxd4 25. Rc1 Nc6 26. Nxh7 Re7 27. Qf8+ Kc7 28. Qxe7+ Bd7 29. Nf6 e3 30. Ne8+ Kb6 31. Qxd6 e2 32.
Qxd7 Nb4 33. Qxe6+ Ka5 34. Qxe2 b6 35. Nc7 Nd3 36.
Qxd3 a3 37. Qb5# 1-0

[Event "Early-Titled-Tuesday-Blitz-April-02-2024"]
[Site "Chess.com"]
[Date "2024.04.02"]
[Round "2"]
[White "LiadCuba"]
[Black "Rodalquilar"]
[Result "0-1"]
[WhiteElo "2556"]
[BlackElo "2741"]
[TimeControl "180+1"]
[EndTime "8:17:16 PDT"]
[Termination "Rodalquilar won on time"]

1. d4 d5 2. c4 e6 3. Nc3 a6 4.
cxd5 exd5 5. Bf4 Nf6 6. Nf3 Bd6 7. Qd2 O-O 8. g3 Re8 9. Bg2 Bf5 10. O-O Ne4 11.
Nxe4 Bxe4 12. Ne5 Bxg2 13. Kxg2 Nd7 14. Nxd7 Qxd7 15. Bxd6 Qxd6 16. Rac1 c6 17. Rc3 Re7 18. Re3 Rae8 19. Rxe7 Qxe7 20. e3 h5 21. h4 Qd6 22.
Qe2 g6 23. Rc1 Re4 24. Rc3 Qe7 25. Rb3 g5 26. hxg5 h4 27. Qf3 hxg3 28. Qxg3 Qe6 29. Kf1 b5 30. Ra3 Rg4 31. Qb8+ Kh7 32. Qh2+ Kg8 33.
Rxa6 Qc8 0-1

[Event "Early-Titled-Tuesday-Blitz-April-02-2024"]
[Site "Chess.com"]
[Date "2024.04.02"]
[Round "2"]
[White "NowInChess"]
[Black "TitanChess666"]
[Result "0-1"]
[WhiteElo "2264"]
[BlackElo "2515"]
[TimeControl "180+1"]
[EndTime "8:17:16 PDT"]
[Termination "TitanChess666 won on time"]

1. e4 e5 2. Nf3 Nc6 3. d4 exd4 4.
Bc4 Nf6 5. e5 Ne4 6. Bd5 Nc5 7.
O-O Ne6 8. Re1 Bc5 9. c3 dxc3 10. Nxc3 O-O 11. Ne4 Be7 12. g3 d6 13. exd6 Bxd6 14. Nfg5 Nxg5 15. Bxg5 Be7 16. Bxc6 Bxg5 17. Nxg5 Qxg5 18.
Bg2 Bg4 19. Qb3 Rab8 20. h4 Qf6 21. Qa4 Bf3 22. Bxf3 Qxf3 23. Qxa7 Ra8 24. Qe3 Qf6 25.
Qe5 Qb6 26. a3 h6 27. Rac1 c6 28. Qe7 Rad8 29. b4 Rd2 30. Re2 Rfd8 31. Rce1 Qd4 32. Re3 b5 33. Rf3 Qd5 34. Rf4 Rd1 35. Rxd1 Qxd1+ 36. Kg2 Qd5+ 37. Kg1 Rd7 38. Qe8+ Kh7 39. Qe4+ Qxe4 40.
Rxe4 Rd3 41. Rf4 Rxa3 42. Rxf7 Rc3 0-1

[Event "Early-Titled-Tuesday-Blitz-April-02-2024"]
[Site "Chess.com"]
[Date "2024.04.02"]
[Round "2"]
[White "IsmaelAmadorGarcia"]
[Black "SilverSwords13"]
[Result "1-0"]
[WhiteElo "2321"]
[BlackElo "2493"]
[TimeControl "180+1"]
[EndTime "8:17:16 PDT"]
[Termination "IsmaelAmadorGarcia won by checkmate"]

1. e4 c5 2. Nf3 e6 3. Nc3 Nc6 4. Be2 Nf6 5. O-O Qc7 6. Re1 a6 7. a4 Be7 8. h3 O-O 9. d4 cxd4 10. Nxd4 d6 11. Be3 Bd7 12. Nb3 b6 13. f4 Nb4 14.
Bf3 Bc6 15. Qd2 d5 16. e5 Ne4 17. Bxe4 dxe4 18. Qf2 b5 19. axb5 axb5 20. Rxa8 Rxa8 21. Nd4 Qb7 22. f5 exf5 23. Nxf5 Bf8 24. Rf1 Nd5 25. Nxd5 Bxd5 26. Bd4 Qd7 27. h4 Be6 28. Ng3 Qd5 29.
Ne2 Rd8 30. c3 Qb3 31. Nf4 Bc4 32. Re1 Bd3 33. h5 h6 34. Ra1 b4 35. cxb4 Qxb4 36. Bc3 Qb5 37. Kh1 Bc5 38. Qg3 e3 39. e6 Bd4 40. Bxd4 Rxd4 41. Ra8+ Kh7 42. exf7 e2 43.
Qg6+ Bxg6 44. hxg6# 1-0

[Event "Early-Titled-Tuesday-Blitz-April-02-2024"]
[Site "Chess.com"]
[Date "2024.04.02"]
[Round "2"]
[White "David_George21"]
[Black "Rashad_Zeynalli"]
[Result "0-1"]
[WhiteElo "2354"]
[BlackElo "2682"]
[TimeControl "180+1"]
[EndTime "8:17:17 PDT"]
[Termination "Rashad_Zeynalli won by checkmate"]

1. e4 e5 2. Nf3 Nc6 3. Bb5 a6 4. Ba4 Nf6 5. O-O b5 6. Bb3 Bc5 7. Re1 d6 8. c3 h6 9. d4 Bb6 10. h3 O-O 11. a4 Rb8 12. Na3 Re8 13. axb5 axb5 14. Nxb5 exd4 15. cxd4 Ba5 16. Nc3 Bxc3 17. bxc3 Nxe4 18. Bd5 Nxc3 19. Bxc6 Bd7 20. Rxe8+ Bxe8 21. Qd3 Bxc6 22. Qxc3 Qe8 23. Bf4 Qe4 24. Re1 Qd5 25. Re7 Rb3 26. Qc2 Rxf3 27. gxf3 Qxf3 28. d5 Qxd5 29.
Kf1 Bb5+ 30. Ke1 c5 31. Be3 Qf3 32. Qe4 Qe2# 0-1

[Event "Early-Titled-Tuesday-Blitz-April-02-2024"]
[Site "Chess.com"]
[Date "2024.04.02"]
[Round "2"]
[White "karinachess1"]
[Black "kereswasbest"]
[Result "1-0"]
[WhiteElo "2600"]
[BlackElo "2265"]
[TimeControl "180+1"]
[EndTime "8:17:17 PDT"]
[Termination "karinachess1 won by resignation"]

1. d4 d5 2. c4 e6 3. Nc3 Be7 4. cxd5 exd5 5. Bf4 Nf6 6. e3 O-O 7. Bd3 Be6 8. h3 c5 9. Nf3 Nc6 10. dxc5 Bxc5 11. O-O a6 12. Ne2 Ne4 13. Rc1 Ba7 14.
a3 Rc8 15. Qa4 Nc5 16. Qc2 h6 17. Bh7+ Kh8 18. Bf5 Qf6 19. Bxe6 Nxe6 20. Qb3 Nxf4 21. Nxf4 d4 22. Nd5 Qe6 23. e4 b5 24. Qd3 Ne5 25. Nxe5 Qxe5 26. f4 Qd6 27. f5 Rxc1 28. Rxc1 Bb8 29.
Kf2 Re8 30. Re1 Qe5 31. b3 Rd8 32. a4 Rxd5 33. exd5 Qf4+ 34. Qf3 Qd2+ 35. Re2 1-0

[Event "Early-Titled-Tuesday-Blitz-April-02-2024"]
[Site "Chess.com"]
[Date "2024.04.02"]
[Round "2"]
[White "Refrigerator1955"]
[Black "Kimkibo"]
[Result "1-0"]
[WhiteElo "1960"]
[BlackElo "2398"]
[TimeControl "180+1"]
[EndTime "8:17:17 PDT"]
[Termination "Refrigerator1955 won by resignation"]

1. e4 c5 2. Nf3 d6 3. Nc3 Nf6 4.
d3 g6 5. g3 Bg7 6. Bg2 O-O 7.
O-O Nc6 8. h3 e5 9. Be3 Nd4 10.
Nd2 h6 11. f4 Kh7 12. Kh2 Nd7 13. Nd5 Nb6 14. c3 Nxd5 15. exd5 Nf5 16. Bg1 Nxg3 17. Kxg3 exf4+ 18. Kh2 Qg5 19. Qf3 Bf5 20. Ne4 Bxe4 21. dxe4 Be5 22. Kh1 f5 23. exf5 Rxf5 24. Qg4 Qf6 25. Be4 Rg5 26. Qe6 Qg7 27. Rf3 Rf8 28.
Bf2 Rf6 29. Qc8 Rf8 30. Qe6 Rf6 31. Qc8 Rh5 32. Rg1 Qe7 33. h4 b6 34. Qg4 Kh8 35. Bxg6 Rxg6 36. Qxg6 Rxh4+ 37. Bxh4 Qxh4+ 38. Kg2 Qg5+ 39. Kf1 1-0

[Event "Early-Titled-Tuesday-Blitz-April-02-2024"]
[Site "Chess.com"]
[Date "2024.04.02"]
[Round "2"]
[White "chito89"]
[Black "vladgoncharov"]
[Result "1-0"]
[WhiteElo "2818"]
[BlackElo "2584"]
[TimeControl "180+1"]
[EndTime "8:17:19 PDT"]
[Termination "chito89 won on time"]

1. c4 Nf6 2. g3 c5 3. Bg2 Nc6 4. Nc3 d6 5. Nf3 g6 6. d4 cxd4 7. Nxd4 Bd7 8. O-O Bg7 9. b3 O-O 10. Bb2 Nxd4 11. Qxd4 Bc6 12. Nd5 Bxd5 13. Bxd5 Nh5 14.
Qd2 Bxb2 15. Qxb2 Rb8 16. Rfd1 Qc7 17. Rac1 Nf6 18. Bf3 a5 19. h4 h5 20. a3 Nd7 21.
Rd5 Nf6 22. Rb5 b6 23. e4 e5 24. Rd1 Rfd8 25. Qe2 Kg7 26. Qe3 a4 27. bxa4 Qxc4 28. Rxb6 Qxa4 29. Rbxd6 Rxd6 30. Rxd6 Rb3 31. Rd3 Rb1+ 32.
Kg2 Qc6 33. Rc3 Qa6 34. Rc1 Rb2 35. Qc5 1-0

[Event "Early-Titled-Tuesday-Blitz-April-02-2024"]
[Site "Chess.com"]
[Date "2024.04.02"]
[Round "2"]
[White "Louis-Paulsen-Fan"]
[Black "Elprofessor21"]
[Result "0-1"]
[WhiteElo "2265"]
[BlackElo "2669"]
[TimeControl "180+1"]
[EndTime "8:17:19 PDT"]
[Termination "Elprofessor21 won by resignation"]

1. d4 Nf6 2. Nf3 b6 3. c4 Bb7 4. Nc3 e6 5. Bg5 h6 6. Bh4 Bb4 7.
Qc2 c5 8. dxc5 bxc5 9. e3 O-O 10.
Be2 d6 11. O-O Qe7 12. Rfd1 Rd8 13. Nd2 Bxc3 14. Qxc3 Nbd7 15. Qc2 Ne5 16. a3 a5 17. h3 a4 18. Nb1 Bc6 19. Nc3 Qb7 20. Bxf6 gxf6 21.
Bf1 Kh8 22. Rd2 Rg8 23. Rxd6 Bxg2 24. f3 Bxf1+ 25. Kxf1 Qxf3+ 26. Qf2 Qxh3+ 27. Ke1 Nf3+ 28. Ke2 Rg2 29. Rf1 Rxf2+ 30. Rxf2 Ne5 31. Rxf6 Rg8 32. Rf2 Rg2 33. Ne4 Qg4+ 0-1

[Event "Early-Titled-Tuesday-Blitz-April-02-2024"]
[Site "Chess.com"]
[Date "2024.04.02"]
[Round "2"]
[White "junhaopro"]
[Black "Makswolf200817"]
[Result "0-1"]
[WhiteElo "2559"]
[BlackElo "2750"]
[TimeControl "180+1"]
[EndTime "8:17:20 PDT"]
[Termination "Makswolf200817 won by checkmate"]

1. e4 c5 2. Nf3 d6 3. d4 cxd4 4. Qxd4 Nc6 5. Bb5 Bd7 6. Bxc6 Bxc6 7. Nc3 Nf6 8. Bg5 e6 9. O-O-O Be7 10. Qd3 O-O 11. Nd4 Rc8 12. f4 Qa5 13. Kb1 Rfe8 14. h4 h6 15. Nb3 Qb4 16. a3 Qb6 17. e5 dxe5 18. fxe5 Nd5 19. Ne4 Bf8 20. Bc1 Ba4 21. Qg3 Kh8 22. Rd3 a5 23. Rf1 Qc7 24. Nc3 Bc6 25.
Nd4 Red8 26. Nxc6 bxc6 27. Ne4 Rd7 28. Rdf3 Nb6 29. Bxh6 gxh6 30. Nf6 Bg7 31. Nxd7 Nxd7 32. Rxf7 Qxe5 33. Qg6 Qxb2# 0-1

[Event "Early-Titled-Tuesday-Blitz-April-02-2024"]
[Site "Chess.com"]
[Date "2024.04.02"]
[Round "2"]
[White "Happy1712Drummer"]
[Black "Incognito_Knight"]
[Result "0-1"]
[WhiteElo "2502"]
[BlackElo "2719"]
[TimeControl "180+1"]
[EndTime "8:17:20 PDT"]
[Termination "Incognito_Knight won by resignation"]

1. e4 c5 2. Nf3 e6 3. c3 d5 4.
e5 d4 5. Bd3 Bd7 6. O-O Nc6 7.
Be4 Nge7 8. d3 Ng6 9. Nbd2 Ngxe5 10. Nxe5 Nxe5 11. cxd4 cxd4 12. Bxb7 Rb8 13. Be4 f5 14. f4 Ng4 15. Nc4 Qh4 16. h3 fxe4 17. hxg4 e3 18.
Qf3 Bc5 19. Ne5 Bd6 20. Nxd7 Kxd7 21. g3 Qh3 22. b3 Rhc8 23. Qg2 Qxg2+ 24. Kxg2 Rc3 25.
Rd1 Rbc8 26. Kf3 Rc2 27. Ke4 e2 28. Re1 Bb4 29. Kxd4 Bxe1 0-1

[Event "Early-Titled-Tuesday-Blitz-April-02-2024"]
[Site "Chess.com"]
[Date "2024.04.02"]
[Round "2"]
[White "PapaieDudu"]
[Black "sokidze"]
[Result "0-1"]
[WhiteElo "2395"]
[BlackElo "2783"]
[TimeControl "180+1"]
[EndTime "8:17:20 PDT"]
[Termination "sokidze won on time"]

1. Nf3 d5 2. d4 Nf6 3. c4 e6 4. Nc3 a6 5. a4 Bb4 6. Bg5 h6 7.
Bh4 dxc4 8. e3 O-O 9. Bxc4 b6 10. O-O Bb7 11. Qe2 Nbd7 12. Rfd1 Qc8 13. Rac1 c5 14. Bg3 Ne4 15. Nxe4 Bxe4 16. Bd6 Rd8 17. Nd2 Bxg2 18. Kxg2 Qc6+ 19. f3 Qxd6 20. Ne4 Qe7 21. d5 Ne5 22. d6 Qb7 23. Ba2 Kh8 24. Bb1 f5 25. Ng3 Qc6 26. e4 f4 27. Nh5 Rf8 28.
b3 Qe8 0-1

[Event "Early-Titled-Tuesday-Blitz-April-02-2024"]
[Site "Chess.com"]
[Date "2024.04.02"]
[Round "2"]
[White "Ergali_Suleimen"]
[Black "martinmena"]
[Result "1-0"]
[WhiteElo "2456"]
[BlackElo "2163"]
[TimeControl "180+1"]
[EndTime "8:17:20 PDT"]
[Termination "Ergali_Suleimen won by checkmate"]

1. e4 c6 2. d4 d5 3. e5 Bf5 4.
h4 h5 5. c4 e6 6. Nc3 Ne7 7.
Nge2 dxc4 8. Ng3 Bg6 9. Bxc4 Nd5 10. Bg5 Be7 11. Qd2 Nxc3 12. bxc3 Nd7 13. Bd3 Bxd3 14.
Qxd3 Bxg5 15. hxg5 Qxg5 16. Ne4 Qxg2 17. Nd6+ Ke7 18.
O-O-O g6 19. Rhg1 Qd5 20. Nxf7 Rhf8 21. Nd6 Qxa2 22. f3 Qd5 23. Rxg6 Rxf3 24. Qd2 Qb3 25.
Qg5+ Nf6 26. exf6+ Kxd6 27. Qc5+ Kd7 28. Qe7+ Kc8 29. Rg8# 1-0

[Event "Early-Titled-Tuesday-Blitz-April-02-2024"]
[Site "Chess.com"]
[Date "2024.04.02"]
[Round "2"]
[White "PonyQueen07"]
[Black "Kopytkin"]
[Result "0-1"]
[WhiteElo "1789"]
[BlackElo "2410"]
[TimeControl "180+1"]
[EndTime "8:17:20 PDT"]
[Termination "Kopytkin won by checkmate"]

1. c4 f5 2. Nc3 Nf6 3. g3 e5 4.
Bg2 c6 5. d4 d6 6. dxe5 dxe5 7.
Qxd8+ Kxd8 8. Bg5 Bb4 9. O-O-O+ Ke7 10. Kc2 Be6 11. b3 Nd7 12. e3 h6 13. Bxf6+ Nxf6 14. Nf3 Bxc3 15. Kxc3 Ne4+ 16. Kb4 Nxf2 17. Nxe5 Nxd1 18.
Rxd1 Rhd8 19. Rxd8 Rxd8 20. Bxc6 Kf6 21. Bxb7 Kxe5 22. Kc3 Rd1 23. c5 Bd5 24. Ba6 Rc1+ 25. Kb4 Rc2 26. a4 Rxh2 27. Ka5 Bxb3 28. c6 Kd6 29. Bb7 Bc4 30. Ba8 Rb2 31. Bb7 g5 32. Ba8 h5 33. Bb7 h4 34. gxh4 gxh4 35. Ba8 h3 36. e4 fxe4 37. c7 Kxc7 38. Bxe4 h2 39. Bf3 Be6 40. Be4 Bd7 41. Bf3 Bc6 42. Bd1 h1=Q 43.
Bg4 Qe1+ 44. Ka6 Bb7+ 45. Kxa7 Qa5# 0-1

[Event "Early-Titled-Tuesday-Blitz-April-02-2024"]
[Site "Chess.com"]
[Date "2024.04.02"]
[Round "2"]
[White "rezamahdavi2008"]
[Black "emeli_chess"]
[Result "1-0"]
[WhiteElo "2891"]
[BlackElo "2405"]
[TimeControl "180+1"]
[EndTime "8:17:21 PDT"]
[Termination "rezamahdavi2008 won by resignation"]

1. e4 e5 2. Nf3 Nc6 3. Bc4 Nf6 4. d3 Be7 5. Nc3 d6 6. a4 a5 7. h3 O-O 8. O-O Be6 9. Nd5 Bxd5 10. exd5 Nd4 11. Nxd4 exd4 12. Qf3 Nd7 13. Qg3 Bh4 14. Qg4 Bf6 15. f4 Re8 16. Bd2 g6 17. Rae1 Rxe1 18. Rxe1 Bg7 19. Qf3 f5 20. Bb5 Nf8 21. Re8 Qxe8 22.
Bxe8 Rxe8 23. Bxa5 b6 24. Bd2 Nd7 25. b4 Ra8 26. a5 b5 27. Qe2 Kf8 28. Qe1 Re8 29. Qa1 Ra8 30. Be1 Nb8 31. Bf2 Na6 32. Bxd4 Bh6 33. c4 bxc4 34. b5 Nc5 35. Bxc5 dxc5 36.
dxc4 Bg7 37. Qa3 Bd4+ 38. Kh2 Ke7 39. Qa2 Kd7 40. b6 cxb6 41. Qa4+ Ke7 42. a6 Ra7 43. Qc6 Rxa6 44. Qb7+ 1-0

[Event "Early-Titled-Tuesday-Blitz-April-02-2024"]
[Site "Chess.com"]
[Date "2024.04.02"]
[Round "2"]
[White "ketster"]
[Black "Aygehovit1992"]
[Result "1-0"]
[WhiteElo "2612"]
[BlackElo "2852"]
[TimeControl "180+1"]
[EndTime "8:17:22 PDT"]
[Termination "ketster won by checkmate"]

1. d4 Nf6 2. c4 g6 3. Nc3 Bg7 4.
e4 d6 5. Nge2 Nc6 6. d5 Ne5 7.
Ng3 h5 8. f4 Ned7 9. Be2 h4 10.
Nf1 Nc5 11. Nd2 a5 12. O-O Nh5 13. Nf3 c6 14. Be3 Bxc3 15. Bxc5 Bxb2 16. Bd4 Bxd4+ 17. Qxd4 Rh6 18. e5 c5 19. Qe3 h3 20. f5 hxg2 21. Rf2 Rh8 22. fxg6 fxg6 23. e6 Qb6 24.
Bd3 Kd8 25. Rb1 Qa7 26. Ng5 Kc7 27. Rf7 Re8 28. Bxg6 Nf6 29. Rxf6 Rg8 30. Bh7 exf6 31. Bxg8 fxg5 32. Qxg5 Qa6 33. Qe7+ Kb8 34. Rb5 Ka7 35.
Qc7 a4 36. Ra5 a3 37. Rxa6+ Kxa6 38. e7 Bf5 39. Qxd6+ b6 40. Bf7 Bb1 41. e8=Q Rxe8 42. Bxe8 Bxa2 43. Qc6 Bxc4 44. Qa8# 1-0

[Event "Early-Titled-Tuesday-Blitz-April-02-2024"]
[Site "Chess.com"]
[Date "2024.04.02"]
[Round "2"]
[White "Fy_Rakotomaharo"]
[Black "flawian2008"]
[Result "0-1"]
[WhiteElo "2696"]
[BlackElo "2476"]
[TimeControl "180+1"]
[EndTime "8:17:23 PDT"]
[Termination "flawian2008 won on time"]

1. e4 c5 2. Nf3 Nc6 3. d4 cxd4 4.
Nxd4 g6 5. c4 Nf6 6. Nc3 Nxd4 7.
Qxd4 d6 8. Be2 Bg7 9. Be3 O-O 10. Qd3 a5 11. O-O a4 12. Rac1 Be6 13. Bd4 Nd7 14.
Bxg7 Kxg7 15. b3 axb3 16. axb3 Qb6 17. Nb5 Kg8 18. h4 Nc5 19. Qe3 Ra2 20. Rfe1 Rb2 21. Rc3 Ra8 22. h5 Raa2 23. h6 f6 24. f3 Qa5 25.
Bf1 Bd7 26. e5 fxe5 27. Qg5 Kf7 28. Rce3 Rxb3 29. Rxe5 dxe5 30. Rxe5 Ne6 31. Rxe6 Bxe6 32. Qf4+ Bf5 33. c5 Rb4 34. Qe5 Ra1 35. Qg7+ Ke6 36. Qg8+ Kf6 37. Qg7+ Kg5 38. Qxe7+ Kh5 39. g4+ Bxg4 40.
fxg4+ Rxg4+ 41. Kh2 Qd2+ 42. Kh3 Rxf1 43. Qe5+ Rf5 0-1

[Event "Early-Titled-Tuesday-Blitz-April-02-2024"]
[Site "Chess.com"]
[Date "2024.04.02"]
[Round "2"]
[White "Navyblue1"]
[Black "SuperJesus88"]
[Result "0-1"]
[WhiteElo "2279"]
[BlackElo "2522"]
[TimeControl "180+1"]
[EndTime "8:17:24 PDT"]
[Termination "SuperJesus88 won by checkmate"]

1. d4 e6 2. c4 Nf6 3. Nf3 Bb4+ 4. Bd2 a5 5. g3 d5 6. Qc2 dxc4 7. Qxc4 Nc6 8. Bg2 O-O 9. O-O Nd5 10. e4 Nb6 11.
Qc2 Bxd2 12. Qxd2 Qe7 13. Qe2 Rd8 14. Rd1 Nd7 15. Nc3 b6 16. d5 Ba6 17. Qe3 Nb4 18.
Rac1 exd5 19. a3 c5 20. axb4 d4 21. Nd5 dxe3 22. Nxe7+ Kf8 23. Nc6 e2 24. Re1 Rdc8 25.
b5 Bxb5 26. Nce5 Nxe5 27. Nxe5 f6 28. Ng4 Rd8 29. Bf3 Rd2 30. Ne3 Rxb2 31. Nc4 Bxc4 32.
Rxc4 a4 33. Bxe2 a3 34. Rcc1 a2 35. Bc4 b5 36. Bd5 Ra3 37. Ra1 c4 38. Rec1 Rd3 39. Kg2 Rdd2 40. Rf1 Ke7 41. Kf3 Kd6 42. Ke3 Kc5 43.
f4 Rd3# 0-1

[Event "Early-Titled-Tuesday-Blitz-April-02-2024"]
[Site "Chess.com"]
[Date "2024.04.02"]
[Round "2"]
[White "Firouzja2003"]
[Black "xasid81"]
[Result "1-0"]
[WhiteElo "3113"]
[BlackElo "2656"]
[TimeControl "180+1"]
[EndTime "8:17:25 PDT"]
[Termination "Firouzja2003 won by resignation"]

1. e4 c6 2. d4 d5 3. e5 c5 4. dxc5 e6 5. Qg4 Nd7 6. Nf3 Nxc5 7. Nc3 h5 8. Qf4 Ne7 9. Be3 Ng6 10. Qg3 Ne4 11.
Nxe4 dxe4 12. Bb5+ Bd7 13. O-O-O Bxb5 14. Rxd8+ Rxd8 15. Ng5 h4 16. Qg4 Nxe5 17. Qxe4 Bd6 18. Qxb7 Bc6 19. Qxa7 h3 20. f4 hxg2 21. Rd1 Rd7 22.
Qa6 Ng4 23. Rxd6 Nxe3 24. Qc8+ Ke7 25. Rxd7+ Bxd7 26. Qc5+ Ke8 27. Qxe3 Rxh2 28. Nf3 Rh3 29. Qf2 Rxf3 30. Qxg2 Rxf4 31. Qxg7 Rf5 32. b4 Bc6 33. c4 Rf3 34. b5 Be4 35. Qd4 f5 36. c5 Rd3 37.
Qh8+ Kf7 38. c6 Rd5 39. Qc3 Rd8 40. b6 Rc8 41. b7 Rxc6 42. Qxc6 1-0